 Dungeon Crawl Stone Soup version 0.27-a0-460-g297a19dbdb (webtiles) character file.

Game seed: 7410936749308803752

2796 Anon1729 the Chopper (level 9, -3/79 HPs)
             Began as a Ghoul Fighter on Feb 28, 2021.
             Was a Believer of Makhleb.
             Slain by a basilisk (6 damage)
             ... while petrified by a basilisk
             ... on level 7 of the Dungeon.
             The game lasted 00:09:12 (8729 turns).

Anon1729 the Chopper (Ghoul Fighter)                Turns: 8729, Time: 00:09:12

Health: -3/79      AC: 12    Str: 22    XL:     9   Next: 71%
Magic:  0/17       EV:  2    Int:  4    God:    Makhleb [**....]
Gold:   513        SH:  0    Dex: 14    Spells: 8/8 levels left

rFire    . . .     SeeInvis .   a - +0 war axe
rCold    + . .     Faith    .   c - +0 kite shield
rNeg     + + +     Spirit   +   z - +0 plate armour
rPois    ∞         Reflect  .   (no helmet)
rElec    .         Harm     .   (no cloak)
rCorr    .         Rampage  .   (no gloves)
Will     .....                  (no boots)
Stlth    ..........             h - amulet of guardian spirit
HPRegen  0.00/turn              i - ring of magical power
MPRegen  0.15/turn              r - +6 ring of dexterity

@: petrified
A: claws 1, cold resistance 1, negative energy resistance 3, inhibited
regeneration, torment resistance, unbreathing
a: Renounce Religion, Minor Destruction


You were on level 7 of the Dungeon.
You worshipped Makhleb.
Makhleb was pleased with you.
You visited 2 branches of the dungeon, and saw 9 of its levels.
You also visited: Ossuary.

You collected 513 gold pieces.

Inventory:

Hand Weapons
 a - a +0 war axe (weapon)
Armour
 b - a +0 scale mail
 c - a +0 kite shield (worn)
 z - a +0 plate armour (worn)
Jewellery
 h - an amulet of guardian spirit (around neck)
 i - a ring of magical power (left claw)
 n - a ring of flight
 r - a +6 ring of dexterity (right claw)
Scrolls
 f - 15 scrolls of identify {unknown}
 k - 8 scrolls of teleportation {unknown}
 l - 2 scrolls of noise {unknown}
 o - a scroll of blinking {unknown}
 s - 2 scrolls of immolation {unknown}
 u - a scroll of magic mapping {unknown}
 v - a scroll of summoning {unknown}
 w - 2 scrolls of fear {unknown}
 y - a scroll of enchant weapon {unknown}
Potions
 d - 3 potions of might
 e - 3 potions of brilliance
 g - 6 potions of curing
 j - 2 potions of invisibility {unknown}
 m - 2 potions of lignification {unknown}
 p - 2 potions of attraction {unknown}
 q - 2 potions of resistance {unknown}
 t - 3 potions of haste
 x - a potion of heal wounds {unknown}
 A - a potion of ambrosia {unknown}


   Skills:
 + Level 7.2 Fighting
 * Level 7.8 Axes
 + Level 6.0 Armour
 + Level 5.9 Shields


You had 8 spell levels left.
You didn't know any spells.
Your spell library was empty.

Dungeon Overview and Level Annotations

Branches:
Dungeon (8/15)             Temple (1/1) D:7         Ossuary (visited)
   Lair: D:8-11

Altars:
Ashenzari
Cheibriados
Dithmenos
Elyvilon
Fedhas
Gozag
Hepliaklqana
Kikubaaqudgha
Makhleb
Nemelex Xobeh
Okawaru
Qazlal
Ru
Sif Muna
Trog
Uskayaw
Vehumet
Wu Jian
Xom
Yredelemnul
Zin
The Shining One

Shops:
D:7 (

Annotations:
D:6 1 runed translucent door, Crazy Yiuf


Innate Abilities, Weirdness & Mutations

You thrive by killing the living.
You are immune to poison.
You have sharp fingernails.
Your flesh is cold resistant. (rC+)
You are immune to negative energy. (rN+++)
You do not regenerate when monsters are visible.
You are immune to unholy pain and torment.
You can survive without breathing.


Message History

You slash the basilisk!
The basilisk is severely wounded.
You block the basilisk's attack.
You closely miss the basilisk.
The basilisk is severely wounded.
The basilisk bites you but does no damage.
You closely miss the basilisk.
The basilisk is severely wounded.
The basilisk gazes at you.
You are slowing down.
The basilisk bites you but does no damage.
Unknown command.
Unknown command.
Unknown command.
Unknown command.
You aren't carrying any items that you can evoke.
Okay, then.
Press: ? - help, Shift-Dir - straight line, f - basilisk
Aim: a basilisk (severely wounded)
You fail to use your ability.
The basilisk bites you but does no damage.
Your limbs are stiffening.
Press: ? - help, Shift-Dir - straight line, f/p - basilisk
Aim: a basilisk (severely wounded)
The puff of flame misses the basilisk.
The basilisk gazes at you.
Your limbs have turned to stone.
The basilisk bites you.
* * * LOW HITPOINT WARNING * * *
You have turned to stone.
The basilisk gazes at you. The basilisk bites you.
* * * LOW HITPOINT WARNING * * *
The basilisk bites you.
* * * LOW HITPOINT WARNING * * *
The basilisk bites you. x2
* * * LOW HITPOINT WARNING * * *
The basilisk bites you!
* * * LOW HITPOINT WARNING * * *
The basilisk bites you!
You die...

####.###.# #.............. # #.#
#.######## #........##..## # #.#
#.##.....###.....#...#..# # #.#
#.##.............#...#..# ####.#
#.##...(..##.....#...#.##
.#...###................#...#.#
.'................>.....#...#.#
.#...###...#####l#..#.#.#...###
.#...###.#.## #@#..#.#.#...#####
.###........####.#..#...#...#....
.# #....#.#.#....#......#...#####
.# #.............#..#.#.#...#
.###...#.⌠.#.....#..#.#.#...#
.#...#.......#...#.[###.##'#####
.#.#...⌠.>.⌠...#.#......##_##..#
.#...#.......#...#....#.#####..#
.###...#.⌠.#.).#.#....#.#..##..#


You could see a basilisk.

Vanquished Creatures
  2 steam dragons (D:6)
  Menkaure (D:4)
  2 water moccasins (D:8)
  A black bear (D:8)
  2 wolves (D:7)
  2 centaurs
  A necrophage (D:4)
  An elf zombie (Ossuary)
  3 bullfrogs
  A gnoll sergeant (D:5)
  A wyvern skeleton (D:4)
  A scorpion (D:7)
  5 killer bees
  3 wights (D:7)
  A bullfrog zombie (D:6)
  3 centaur zombies (Ossuary)
  A human zombie (Ossuary)
  4 jellies
  4 orc priests
  A hound (D:7)
  Natasha (thrice) (D:4)
  An iguana (D:5)
  A worker ant (D:5)
  A hound zombie (D:8)
  2 mummies (Ossuary)
  10 adders
  8 gnolls
  A howler monkey skeleton (D:5)
  3 white imps
  An ufetubus (D:7)
  2 oozes
  2 adder zombies (Ossuary)
  A worm zombie (D:8)
  2 adder skeletons
  2 worms
  2 dart slugs (D:2)
  10 leopard geckos
  16 orcs
  5 giant cockroaches
  4 hobgoblins
  4 jackals (D:6)
  A quokka (D:3)
  2 ball pythons (D:2)
  5 bats
  5 frilled lizards
  8 goblins
  2 goblin zombies (Ossuary)
  9 hobgoblin zombies (Ossuary)
  A jackal skeleton (D:3)
  2 jackal zombies (Ossuary)
  6 kobolds
  8 kobold zombies (Ossuary)
  A leopard gecko zombie (D:7)
  9 orc zombies (Ossuary)
  A quokka skeleton (D:5)
  10 rats
191 creatures vanquished.

Vanquished Creatures (others)
  5 fungi (D:8)
  18 plants (D:8)
23 creatures vanquished.

Grand Total: 214 creatures vanquished

Notes
Turn   | Place    | Note
-------+----------+-------------------------------------------
     0 | D:1      | Anon1729 the Ghoul Fighter began the quest for the Orb.
     0 | D:1      | Reached XP level 1. HP: 19/19 MP: 0/0
   198 | D:1      | Reached XP level 2. HP: 26/26 MP: 1/1
   680 | D:1      | Reached XP level 3. HP: 31/31 MP: 2/2
  1494 | D:2      | Reached XP level 4. HP: 40/40 MP: 3/3
  2921 | D:4      | Noticed Natasha
  2931 | D:4      | Killed Natasha
  2932 | D:4      | Reached XP level 5. HP: 42/46 MP: 4/4
  2996 | D:4      | Noticed Natasha
  3004 | D:4      | Killed Natasha
  3053 | D:4      | Noticed a necrophage
  3064 | D:4      | Killed a necrophage
  3065 | D:4      | Reached XP level 6. HP: 39/53 MP: 5/5
  3181 | D:4      | Noticed Natasha
  3211 | D:4      | Killed Natasha
  3519 | D:4      | Noticed Menkaure
  3540 | D:4      | Killed Menkaure
  3541 | D:4      | Reached XP level 7. HP: 35/60 MP: 6/6
  3792 | D:5      | Entered Level 5 of the Dungeon
  4392 | D:5      | Reached skill level 5 in Fighting
  4982 | D:6      | Reached skill level 5 in Axes
  5197 | D:6      | Noticed a steam dragon
  5381 | D:7      | Found Ycudem Xaac's Weapon Emporium.
  5410 | D:7      | Reached XP level 8. HP: 68/68 MP: 7/7
  5749 | D:6      | Found a white marble altar of Elyvilon.
  6231 | D:6      | Found a runed translucent door.
  6232 | D:6      | Noticed Crazy Yiuf
  6342 | D:6      | Reached skill level 5 in Armour
  6424 | D:6      | Reached skill level 5 in Shields
  6761 | D:7      | Reached XP level 9. HP: 16/77 MP: 7/8
  7222 | D:7      | Found a staircase to the Ecumenical Temple.
  7253 | Temple   | Entered the Ecumenical Temple
  7302 | Temple   | Became a worshipper of Makhleb the Destroyer
  7714 | D:7      | Found a shimmering blue altar of Sif Muna.
  7964 | D:8      | Found a sand-covered staircase.
  7975 | Ossuary  | Entered an ossuary
  8056 | Ossuary  | Reached * piety under Makhleb
  8272 | D:8      | Noticed a troll
  8703 | D:7      | Reached ** piety under Makhleb
  8728 | D:7      | HP: 3/79 [basilisk (4)]
  8729 | D:7      | Slain by a basilisk

Illustrated notes

Levels and vault maps discovered:
D:1:      psy_arrival_statuary, layout_basic
D:2:      layout_loops_cross, kennysheep_decorative_pillar
D:3:      layout_loops_ring, minmay_misc_feat_four_crosses,
          mrwooster_statue_mirror, guppyfry_early_orc_mine
D:4:      layout_rooms, uniq_natasha, uniq_menkaure
D:5:      layout_loops_ring
D:6:      cheibrodos_steamvent, layout_rooms, basic_altar,
          hangedman_abyss_or_decor_stabs, uniq_crazy_yiuf_cottage
D:7:      cheibrodos_quashed, layout_basic, lemuel_blue_sif_altar,
          minmay_temple_entry_sparse_star, serial_shops, kennysheep_mini_moat
D:8:      layout_loops_cross, minmay_lair_entry_grove, enter_ossuary_3,
          wad_rectangle_vault
Temple:   grunt_wide_crystal_templ

Skill      XL: |  1  2  3  4  5  6  7  8  9 |
---------------+----------------------------+-----
Axes           | 2 3 4 5 6 7 |  7.8
Armour         | 3 4 5 6 |  6.0
Shields        | 3 4 5 |  5.9
Fighting       | 4 5 6 7 |  7.2

Action                   |  1- 3 |  4- 6 |  7- 9 || total
-------------------------+-------+-------+-------++-------
Melee: War axe           |    95 |   157 |   524 ||   776
Invok: Minor Destruction |       |       |     1 ||     1
  Use: Potion            |       |       |     3 ||     3
Armor: Scale mail        |    49 |    72 |   140 ||   261
       Plate armour      |       |       |   154 ||   154
Dodge: Dodged            |    43 |    61 |   160 ||   264
Block: Kite shield       |    62 |    93 |   387 ||   542

Table legend: (Time is in decaauts)
 A = Elapsed time spent in this place.
 B = Non-inter-level travel time spent in this place.
 C = Inter-level travel time spent in this place.
 D = Time resting spent in this place.
 E = Time spent auto-exploring this place.
 F = Levels seen in this place.
 G = Mean time per level.
                   A        B        C        D        E       F      G
               +--------+--------+--------+--------+--------+-----+--------+
         Total |   9073 |   8828 |    245 |   1370 |   5700 |  10 |  907.3 |
       Dungeon |   8645 |   8411 |    234 |   1370 |   5506 |   8 | 1080.6 |
        Temple |    106 |     96 |     10 |      0 |     87 |   1 |  106.0 |
       Ossuary |    320 |    320 |      0 |      0 |    107 |   1 |  320.0 |
               +--------+--------+--------+--------+--------+-----+--------+

Top non-repeatable levels by time:
     D:7: 1962 daAuts
     D:5: 1524 daAuts
     D:3: 1268 daAuts
     D:1: 1172 daAuts
     D:6: 1032 daAuts
     D:4: 968 daAuts
     D:2: 533 daAuts
 Ossuary: 320 daAuts
     D:8: 183 daAuts
  Temple: 106 daAuts
